 Dungeon Crawl Stone Soup version 0.31-a0-620-gd1cbd99268 (webtiles) character file.

Game seed: 2658851808025256152

632 thirtiethelement the Chopper (level 7, -3/52 HPs)
             Began as a Demonspawn Gladiator on Aug 23, 2023.
             Slain by Prince Ribbit (4 damage)
             ... on level 5 of the Dungeon.
             The game lasted 00:07:38 (3422 turns).

thirtiethelement the Chopper (Demonspawn Gladiator) Turns: 3422, Time: 00:07:39

Health: -3/52      AC: 13    Str: 19    XL:     7   Next: 24%
Magic:  7/7        EV:  6    Int:  9    God:
Gold:   248        SH:  0    Dex: 10    Spells: 6/6 levels left

rFire   . . .        a - +0 war axe
rCold   . . .        (no shield)
rNeg    . . .        u - +1 plate armour "Burrett" {Rampage rCorr Str+3 Dex-5}
rPois   .            (helmet restricted)
rElec   .            s - +0 cloak
rCorr   +            (no gloves)
SInv    .            (no boots)
Will    .....        (no amulet) Stlth
                     (no ring)
HPRegen 0.28/turn    (no ring)
MPRegen 0.10/turn

%: rampage
@: no status effects
A: hooves 1, horns 1, demonic touch 2
a: no special abilities


You were on level 5 of the Dungeon.
You visited 1 branch of the dungeon, and saw 5 of its levels.

You collected 248 gold pieces.

Inventory:

Hand Weapons
 a - a +0 war axe (weapon)
Missiles
 d - 2 throwing nets
 e - a javelin
 p - 6 boomerangs (quivered)
Armour
 b - a +0 leather armour
 s - a +0 cloak (worn)
 u - the +1 plate armour "Burrett" (worn) {Rampage rCorr Str+3 Dex-5}
   (You found it on level 4 of the Dungeon)

   Str+3:     It affects your strength (+3).
   Dex-5:     It affects your dexterity (-5).
   rCorr:     It protects you from acid and corrosion.
   Rampage:   It bestows one free step when moving towards enemies.
Talismans
 f - a blade talisman
Wands
 v - a wand of flame (5)
Scrolls
 h - 3 scrolls of teleportation
 i - a scroll of fear
 k - 2 scrolls of fog
 m - a scroll of blinking
 o - a scroll of enchant weapon
 t - a scroll of vulnerability {unknown}
Potions
 c - a potion of ambrosia {unknown}
 g - a potion of berserk rage {unknown}
 j - 2 potions of enlightenment {unknown}
 l - 3 potions of curing {unknown}
 n - a potion of might {unknown}
 q - a potion of degeneration {unknown}
 r - a potion of invisibility {unknown}


   Skills:
 + Level 3.5 Fighting
 + Level 5.1 Axes
 + Level 2.5 Throwing
 + Level 2.7 Armour
 + Level 3.8 Dodging
 + Level 2.0 Stealth


You had 6 spell levels left.
You didn't know any spells.
Your spell library contained the following spells:

 Spells                   Type           Power      Damage    Failure   Level
 Freeze                   Ice            0%         1d3       100%        1
 Magic Dart               Conj           0%         1d3       100%        1
 Searing Ray              Conj           0%         2d4       100%        2
 Frozen Ramparts          Ice            0%         1d1       100%        3
 Hailstorm                Conj/Ice       0%         3d3       100%        3
 Fulminant Prism          Conj/Hex       0%         3d5       100%        4
 Malign Gateway           Summ/Tloc      0%         N/A       100%        7
 Summon Horrible Things   Summ           0%         N/A       100%        8


Dungeon Overview and Level Annotations

Branches:
Dungeon (5/15)
 Temple: D:4-7

Altars:
Qazlal
Xom

Shops:
D:1 =

Annotations:
D:5 Prince Ribbit


Innate Abilities, Weirdness & Mutations

You have large cloven feet.
You have a pair of small horns on your head.
Your touch may inflict irresistible damage on your foes.


Message History

You see here a water moccasin corpse.
Prince Ribbit blinks!
You see here an adder corpse.
Throw: 6 boomerangs
Press: ? - help, Q - select action, (/) - cycle Shift-Dir - straight line, f/p - Prince Ribbit
Aim: Prince Ribbit (28% to hit)
You throw a boomerang.
The boomerang closely misses Prince Ribbit.
Prince Ribbit blinks!
Prince Ribbit blinks!
Throw: 6 boomerangs
Press: ? - help, Q - select action, (/) - cycle Shift-Dir - straight line, f/p - Prince Ribbit
Aim: Prince Ribbit (28% to hit)
You throw a boomerang. The boomerang misses Prince Ribbit.
You hit Prince Ribbit. Your kick misses Prince Ribbit.
Prince Ribbit is lightly wounded.
Prince Ribbit says, "You're just another fly to me."
Prince Ribbit hits you. Prince Ribbit barely misses you.
You barely miss Prince Ribbit. Prince Ribbit hits you.
You barely miss Prince Ribbit. You kick Prince Ribbit.
Your touch misses Prince Ribbit.
Prince Ribbit is lightly wounded.
Prince Ribbit hits you!
Prince Ribbit hits you but does no damage.
You miss Prince Ribbit. You kick Prince Ribbit.
Your headbutt misses Prince Ribbit. Your touch misses Prince Ribbit.
Prince Ribbit is lightly wounded.
Prince Ribbit hits you but does no damage.
Prince Ribbit closely misses you.
You hit Prince Ribbit.
Prince Ribbit is moderately wounded.
Prince Ribbit hits you! x2
* * * LOW HITPOINT WARNING * * *
Prince Ribbit hits you but does no damage.
Prince Ribbit hits you but does no damage.
Prince Ribbit attacks as he pursues you!
Prince Ribbit hits you!
* * * LOW HITPOINT WARNING * * *
Prince Ribbit hits you.
You die...

##...# #...########(...#
.....### ##.....#<......#
.....†.######....÷..÷).##.##
.....#..†.................#
.....######..........###..#
###########..........###....#
#...................#..#
##.##......F....#... # .#
#..........@<...#.## .
#.#.###........## #
####.#.##..........#
#....#.##..........#
##.###..##............
#......###..........###
#.###### #..........# #.#
##........## ###


You could see Prince Ribbit.

Vanquished Creatures
  Sigmund (D:2)
  A water moccasin (D:5)
  A phantom (D:5)
  A scorpion (D:4)
  Ijyb (D:4)
  A hound (D:5)
  2 iguanas
  An orc wizard (D:3)
  4 adders
  4 worms
  2 orcs (D:3)
  7 ball pythons
  4 endoplasms
  3 giant cockroaches
  5 goblins
  2 hobgoblins (D:1)
  5 quokkas
  5 bats
  3 frilled lizards
  8 kobolds
  5 rats
66 creatures vanquished.

Notes
Turn   | Place    | Note
-------+----------+-------------------------------------------
     0 | D:1      | thirtiethelement the Demonspawn Gladiator began the quest
                  | for the Orb.
     0 | D:1      | Reached XP level 1. HP: 16/16 MP: 1/1
   343 | D:1      | Discovered your monstrous ancestry.
   343 | D:1      | Gained mutation: Your touch may inflict minor irresistible
                  | damage on your foes. [demonic ancestry]
   343 | D:1      | Reached XP level 2. HP: 20/22 MP: 2/2
   345 | D:1      | Reached skill level 3 in Axes
   390 | D:1      | Found Zykylale's Jewellery Boutique.
   771 | D:2      | Reached XP level 3. HP: 27/27 MP: 3/3
   842 | D:2      | Noticed Sigmund
   849 | D:2      | Killed Sigmund
   850 | D:2      | Reached skill level 4 in Axes
   850 | D:2      | Reached skill level 1 in Stealth
   850 | D:2      | Gained mutation: You have large cloven feet. [demonic
                  | ancestry]
   850 | D:2      | Reached XP level 4. HP: 34/34 MP: 4/4
   850 | D:2      | Gained mutation: You have a pair of small horns on your
                  | head. [demonic ancestry]
   850 | D:2      | Reached XP level 5. HP: 39/39 MP: 5/5
   934 | D:2      | Found a shimmering altar of Xom.
  1002 | D:2      | Reached skill level 1 in Armour
  2676 | D:4      | Identified the +1 plate armour "Burrett" {Rampage rCorr
                  | Str+3 Dex-5}
  2758 | D:4      | Found a stormy altar of Qazlal.
  2759 | D:4      | Noticed Ijyb
  2770 | D:4      | Reached XP level 6. HP: 44/46 MP: 6/6
  2777 | D:4      | Killed Ijyb
  3198 | D:5      | Entered Level 5 of the Dungeon
  3217 | D:5      | Gained mutation: Your touch may inflict irresistible damage
                  | on your foes. [demonic ancestry]
  3217 | D:5      | Reached XP level 7. HP: 26/52 MP: 7/7
  3366 | D:5      | Reached skill level 5 in Axes
  3369 | D:5      | Noticed Prince Ribbit
  3421 | D:5      | HP: 1/52 [Prince Ribbit (13)]
  3422 | D:5      | Slain by Prince Ribbit

Illustrated notes

Levels and vault maps discovered:
D:1:      psy_arrival_radial02, layout_rooms, serial_shops, shop
D:2:      layout_loops_cross, basic_altar, minmay_misc_feat_secret_circle,
          minmay_misc_feat_ornament, uniq_sigmund
D:3:      layout_loops_ring, serial_co_window_serial, co_window_paths_b,
          co_window_paths_a, co_window_paths_b, co_window_paths_b,
          co_window_corner_a, co_window_corner_ca, co_window_paths_c,
          co_window_corner_b, glass_columns_b, glass_columns_a, glass_columns_b,
          glass_columns_c, glass_columns_b
D:4:      layout_loops_ring, amcnicky_altar_gilded,
          nicolae_qazlal_scattered_showers, uniq_ijyb
D:5:      layout_rooms, general_overflow_altar, nicolae_wu_jian_wuxing_cycle,
          serial_shops, nicolae_shop_real_fake_doors, uniq_prince_ribbit1,
          uniq_menkaure

Skill      XL: |  1  2  3  4  5  6  7 |
---------------+----------------------+-----
Axes           | 3 4 5 |  5.1
Dodging        | 3 |  3.8
Throwing       | 2 |  2.5
Stealth        | 1 2 |  2.0
Armour         | 1 2 |  2.7
Fighting       | 3 |  3.5

Action                     |  1- 3 |  4- 6 |  7- 9 || total
---------------------------+-------+-------+-------++-------
  Melee: War axe           |    55 |    92 |    23 ||   170
         Touch             |     6 |    14 |     2 ||    22
         Kick              |       |    22 |     2 ||    24
         Headbutt          |       |    12 |     1 ||    13
  Throw: Boomerang         |    14 |     1 |    13 ||    28
         Throwing net      |     3 |       |       ||     3
    Use: Scroll            |       |     6 |       ||     6
         Potion            |       |     1 |       ||     1
   Stab: Sleeping          |     2 |     3 |       ||     5
 Armour: Leather armour    |    24 |    12 |       ||    36
         Plate armour      |       |    25 |    13 ||    38
         Skin              |       |     5 |       ||     5
  Dodge: Dodged            |    44 |    57 |    10 ||   111

Table legend: (Time is in decaauts)
 A = Elapsed time spent in this place.
 B = Non-inter-level travel time spent in this place.
 C = Inter-level travel time spent in this place.
 D = Time resting spent in this place.
 E = Time spent auto-exploring this place.
 F = Levels seen in this place.
 G = Mean time per level.
                   A        B        C        D        E       F      G
               +--------+--------+--------+--------+--------+-----+--------+
         Total |   3478 |   3364 |    114 |    230 |   2535 |   5 |  695.6 |
       Dungeon |   3478 |   3364 |    114 |    230 |   2535 |   5 |  695.6 |
               +--------+--------+--------+--------+--------+-----+--------+

Top non-repeatable levels by time:
     D:3: 1070 daAuts
     D:4: 861 daAuts
     D:2: 666 daAuts
     D:1: 644 daAuts
     D:5: 235 daAuts
